 Dungeon Crawl Stone Soup version 0.25.0-1-g7eea58d2a3 (webtiles) character file.

Game seed: 2469882060034681975

757 HoaS the Twirler (level 7, 0/45 HPs)
             Began as a Gargoyle Gladiator on June 14, 2020.
             Slain by an ogre
             ... wielding a +0 giant spiked club
              (15 damage)
             ... on level 4 of the Dungeon.
             The game lasted 00:08:55 (3641 turns).

HoaS the Twirler (Gargoyle Gladiator)               Turns: 3641, Time: 00:08:55

Health: 0/45       AC: 14    Str: 20    XL:     7   Next: 79%
Magic:  7/7        EV:  8    Int:  8    God:
Gold:   164        SH:  0    Dex: 11    Spells: 6/6 levels left

rFire    . . .     SeeInvis +   a - +1 quarterstaff
rCold    . . .     Gourm    .   (shield currently unavailable)
rNeg     + . .     Faith    .   r - +0 chain mail (curse)
rPois    ∞         Spirit   .   c - +1 helmet
rElec    +         Reflect  .   (no cloak)
rCorr    .         Harm     .   (no gloves)
MR       .....                  (no boots)
Stlth    ..........             l - amulet of regeneration
HPRegen  0.55/turn              b - ring of see invisible
MPRegen  0.10/turn              (no ring)

@: no status effects
A: negative energy resistance 1, electricity resistance, unbreathing,
petrification resistance, rot immunity, AC +4
a: no special abilities


You were on level 4 of the Dungeon.
You were not hungry.

You visited 1 branch of the dungeon, and saw 4 of its levels.

You collected 164 gold pieces.

Inventory:

Hand Weapons
 a - a +1 quarterstaff (weapon)
Missiles
 d - 2 throwing nets (quivered)
 t - 3 boomerangs
Armour
 c - a +1 helmet (worn)
 r - a cursed +0 chain mail (worn)
Jewellery
 b - a ring of see invisible (left hand)
 l - an amulet of regeneration (around neck)
Wands
 u - a wand of disintegration (13)
Scrolls
 i - a scroll of blinking {unknown}
 o - a scroll of identify
 p - a scroll of magic mapping
Potions
 e - 2 potions of flight
 g - 3 potions of mutation
 h - a potion of stabbing {unknown}
 j - a potion of heal wounds {unknown}
 k - a potion of degeneration {unknown}
 m - a potion of resistance {unknown}
 n - a potion of haste
 s - a potion of brilliance {unknown}
Comestibles
 f - 7 rations
 q - 3 chunks of flesh


   Skills:
 + Level 5.6 Fighting
 * Level 7.5 Staves
 - Level 1.7 Throwing
 - Level 2.4 Dodging


You had 6 spell levels left.
You didn't know any spells.
Your spell library was empty.

Dungeon Overview and Level Annotations

Branches:
Dungeon (4/15)
 Temple: D:4-7

Altars:
Ashenzari
Cheibriados
Nemelex Xobeh


Innate Abilities, Weirdness & Mutations

You are resistant to torment.
Your stone body is resilient. (AC +4)
You are immune to poison.
You resist negative energy. (rN+)
You are resistant to electric shocks. (rElec)
You can survive without breathing.
You are immune to petrification.
You are immune to rotting.


Message History

a +2 leather armour of fire resistance; a +5 rapier the human corpse of Eustachio Evoke which item? (* to show all) (? for menu, Esc to quit)
Aiming: Disintegrate
Press: ? - help, Shift-Dir - straight line, f - ogre
Aim: an ogre, wielding a +0 giant spiked club (chance to defeat MR: 65%)
The ogre is blasted!
The ogre hits you with a +0 giant spiked club!!
Ouch! That really hurt!
You closely miss the ogre.
The ogre is heavily wounded.
You hit the ogre but do no damage.
The ogre is heavily wounded.
The ogre hits you with a +0 giant spiked club.
You thump the ogre!
The ogre is severely wounded.
Your chain mail prevents you from hitting the ogre.
The ogre is severely wounded.
The ogre hits you with a +0 giant spiked club!
You die...

# #.....## #...##..####. .
##.#..## ##..###..# #.. #.
#.#...# #.h.# #..# #..
#>###...#.#####l.## #... #..
####.#....##.##.....# ...#.##..
#.........##.##.###.# .###.##..
#.........##.#..###.##.## ##..
#.........##.O.#....#...##.###.
#.........####@..........#.# ##
####..##.#..<[.........<...##
#.#.....###)..............
#..#.#..## #.............#
#.....##.# ##.........<#.#
.....# #.# ##...#....##.###
....# #.# ######(.##....# ###
#.# #........# #.> #...###<)..#


You could see an ogre.

Vanquished Creatures
  Eustachio (D:4)
  A hungry ghost (D:3)
  A black bear (D:4)
  2 ogres
  An iguana (D:4)
  3 orc wizards (D:4)
  4 adders
  An ooze (D:2)
  A worm (D:4)
  A dart slug (D:1)
  3 leopard geckos
  9 orcs
  A ball python (D:2)
  6 bats
  A giant cockroach (D:3)
  10 goblins
  7 hobgoblins
  4 jackals (D:1)
  8 kobolds
  A frilled lizard (D:1)
  5 rats
71 creatures vanquished.

Notes
Turn   | Place    | Note
-------+----------+-------------------------------------------
     0 | D:1      | HoaS the Gargoyle Gladiator began the quest for the Orb.
     0 | D:1      | Reached XP level 1. HP: 12/12 MP: 1/1
   368 | D:1      | Reached XP level 2. HP: 15/18 MP: 2/2
   859 | D:1      | Reached XP level 3. HP: 22/22 MP: 3/3
  1371 | D:1      | Reached skill level 4 in Staves
  1531 | D:2      | Noticed an ogre
  1540 | D:2      | Killed an ogre
  1540 | D:2      | Reached skill level 5 in Staves
  1540 | D:2      | Reached XP level 4. HP: 8/29 MP: 4/4
  1540 | D:2      | Reached XP level 5. HP: 9/33 MP: 5/5
  1897 | D:2      | Found a shattered altar of Ashenzari.
  2261 | D:2      | Found a sparkling altar of Nemelex Xobeh.
  2682 | D:3      | Found a snail-covered altar of Cheibriados.
  3047 | D:3      | Noticed a hungry ghost
  3058 | D:3      | Killed a hungry ghost
  3058 | D:3      | Reached skill level 6 in Staves
  3058 | D:3      | Reached XP level 6. HP: 39/39 MP: 6/6
  3284 | D:4      | Noticed Eustachio
  3449 | D:4      | Killed Eustachio
  3449 | D:4      | Reached skill level 5 in Fighting
  3449 | D:4      | Reached XP level 7. HP: 44/44 MP: 7/7
  3548 | D:3      | Reached skill level 7 in Staves
  3641 | D:4      | Slain by an ogre

Illustrated notes

Levels and vault maps discovered:
D:1:      lightli_arrival_farm, layout_basic, lemuel_another_geyser
D:2:      layout_basic, ashenzari_conservatory_becter, nemelex_dance_club_becter
D:3:      layout_loops_corners, kennysheep_slug_shrine, kennysheep_donut,
          minmay_crystal_water
D:4:      layout_rooms, lemuel_round_altar, uniq_eustachio

Skill      XL: |  1  2  3  4  5  6  7 |
---------------+----------------------+-----
Staves         | 5 6 7 |  7.5
Fighting       | 3 4 5 |  5.6
Throwing       | |  1.7
Dodging        | |  2.4

Action                   |  1- 3 |  4- 6 |  7- 9 || total
-------------------------+-------+-------+-------++-------
Melee: Quarterstaff      |   101 |   236 |    19 ||   356
Throw: Throwing net      |     1 |       |       ||     1
Evoke: Wand              |       |       |     1 ||     1
  Use: Scroll            |     7 |     5 |       ||    12
       Potion            |       |       |     1 ||     1
 Stab: Held in net/web   |     1 |       |       ||     1
  Eat: Chunk             |     2 |     4 |     1 ||     7
       Ration            |       |     1 |       ||     1
Armor: Scale mail        |    56 |    48 |       ||   104
       Chain mail        |       |   174 |    10 ||   184
Dodge: Dodged            |    54 |   174 |     8 ||   236
